 Dungeon Crawl Stone Soup version 0.30-a0-576-g89cddaab80 (webtiles) character file.

Game seed: 11400995838148082247

12000 HoaS the Markstengu (level 11, 0/69 HPs)
             Began as a Tengu Hunter on Dec 30, 2022.
             Was an Initiate of Gozag.
             Slain by a four-headed hydra (3 damage)
             ... on level 1 of the Lair of Beasts.
             The game lasted 00:32:27 (11663 turns).

HoaS the Markstengu (Tengu Hunter)                 Turns: 11663, Time: 00:32:28

Health: 0/69       AC:  6    Str: 18    XL:     11   Next: 86%
Magic:  12/12      EV: 22    Int:  9    God:    Gozag
Gold:   208        SH:  0    Dex: 22    Spells: 10/10 levels left

rFire   . . .      SeeInvis .    a - +3 shortbow (drain)
rCold   . . .      Faith    .    (shield currently unavailable)
rNeg    . . .      Spirit   .    d - +0 leather armour of the Barnacled Slorg {Will+}
rPois   .          Reflect  .    (helmet restricted)
rElec   .          Harm     .    t - +0 cloak
rCorr   .          Rampage  .    e - +1 pair of gloves
Will    ++...                    (boots unavailable)
Stlth   ++                       D - amulet of regeneration
HPRegen 1.11/turn                c - +6 ring of strength
MPRegen 0.13/turn                u - ring of willpower

@: mighty, brilliant, gold aura, flying quickly and evasively, hasted, very
quick
A: beak, talons 3, nimble flight
a: Renounce Religion, Potion Petition, Call Merchant, Bribe Branch


You were on level 1 of the Lair of Beasts.
You worshipped Gozag.
Gozag was aware of your devotion.
You visited 3 branches of the dungeon, and saw 13 of its levels.

You collected 2334 gold pieces.
You paid 2126 gold pieces to Gozag.

Inventory:

Hand Weapons
 a - a +3 shortbow of draining (weapon)
Armour
 d - the +0 leather armour of the Barnacled Slorg (worn) {Will+}
   (You found it on level 2 of the Dungeon)

   Will:      It increases your willpower.
 e - a +1 pair of gloves (worn)
 t - a +0 cloak (worn)
Jewellery
 c - a +6 ring of strength (left hand)
 u - a ring of willpower (right hand)
 y - a ring of see invisible
 D - an amulet of regeneration (around neck)
Wands
 p - a wand of flame (16)
 q - a wand of roots (12)
 r - a wand of charming (7)
 s - a wand of polymorph (7)
Scrolls
 b - a scroll of immolation
 h - 2 scrolls of summoning
 k - 3 scrolls of fog
 m - 3 scrolls of teleportation
 x - a scroll of noise
 B - 2 scrolls of poison {unknown}
 C - a scroll of identify
Potions
 f - 7 potions of cancellation
 g - a potion of lignification {unknown}
 l - 4 potions of ambrosia
 n - 3 potions of mutation
 o - a potion of attraction {unknown}
 v - 2 potions of resistance {unknown}
 w - 3 potions of heal wounds {unknown}
 z - a potion of might
 A - a potion of invisibility


   Skills:
 + Level 8.7 Fighting
 - Level 16.0 Ranged Weapons
 + Level 9.5 Dodging
 - Level 1.0 Stealth


You had 10 spell levels left.
You didn't know any spells.
Your spell library contained the following spells:

 Spells                   Type           Power      Damage    Failure   Level
 Slow                     Hex            0%         N/A       43%         1
 Summon Small Mammal      Summ           0%         N/A       43%         1
 Cigotuvi's Dreadful Rot  Necr/Pois/Air  0%         N/A       58%         2
 Poisonous Vapours        Pois/Air       0%         N/A       58%         2
 Call Canine Familiar     Summ           0%         N/A       82%         3
 Confusing Touch          Hex            0%         N/A       82%         3
 Mephitic Cloud           Conj/Pois/Air  0%         N/A       82%         3
 Summon Guardian Golem    Hex/Summ       0%         N/A       82%         3
 Vampiric Draining        Necr           0%         2d6       82%         3
 Summon Lightning Spire   Summ/Air       0%         N/A       99%         4
 Storm Form               Tmut/Air       0%         N/A       100%        7
 Maxwell's Capacitive Co  Air            0%         ∞         100%        8


Dungeon Overview and Level Annotations

Branches:
Dungeon (11/15)            Temple (1/1) D:5            Lair (1/5) D:11
    Orc: D:9-12

Altars:
Ashenzari
Cheibriados
Dithmenos
Elyvilon
Fedhas
Gozag
Hepliaklqana
Kikubaaqudgha
Makhleb
Nemelex Xobeh
Okawaru
Qazlal
Ru
Sif Muna
Trog
Uskayaw
Vehumet
Wu Jian
Xom
Yredelemnul
Zin
The Shining One

Shops:
D:8 !   D:10 *[

Annotations:
D:11 Fannar


Innate Abilities, Weirdness & Mutations

You have a beak for a mouth.
You have claws for feet.
Your magical nature lets you fly swiftly and evasively.


Message History

The four-headed hydra bites you!
The four-headed hydra completely misses you. x3 [a] - 260 gold - heal wounds, curing and berserk rage [b] - 350 gold - haste and brilliance [c] - 322 gold - resistance and might Purchase which effect?
You no longer have enough gold to petition Gozag for potion effects.
You feel yourself speed up.
You feel clever all of a sudden.
The four-headed hydra barely misses you.
The four-headed hydra bites you.
* * * LOW HITPOINT WARNING * * *
The four-headed hydra misses you. The four-headed hydra bites you.
* * * LOW HITPOINT WARNING * * *
You feel better.
The four-headed hydra barely misses you.
The four-headed hydra closely misses you. x2
The four-headed hydra bites you.
* * * LOW HITPOINT WARNING * * *
You shoot an arrow. The arrow hits the four-headed hydra!
The four-headed hydra is severely wounded.
You shoot an arrow. The arrow hits the four-headed hydra!
The four-headed hydra is severely wounded.
The four-headed hydra misses you. The four-headed hydra bites you.
* * * LOW HITPOINT WARNING * * *
The four-headed hydra bites you.
* * * LOW HITPOINT WARNING * * *
The four-headed hydra bites you.
* * * LOW HITPOINT WARNING * * *
You shoot an arrow. The arrow hits the four-headed hydra!
The four-headed hydra is almost dead.
You shoot an arrow. The arrow hits the four-headed hydra.
You drain the four-headed hydra.
The four-headed hydra is almost dead.
The four-headed hydra barely misses you.
The four-headed hydra completely misses you.
The four-headed hydra closely misses you.
The four-headed hydra bites you.
You die...
Your body crumbles into a pile of gold.

........###...........#
..##....###............#
###................... $
#...................
#.P.................
#...................
#...................
#.........D.........
##..........@........
#................###
##...............#
#............####
##....^....#.#.#
#..#.....#.#####
##.##.#.#### #..#####
#.##


You could see a four-headed hydra (drained).

Vanquished Creatures
  A hydra (D:11)
  A two-headed ogre (D:10)
  A deep elf pyromancer (D:7)
  An ugly thing (D:8)
  2 black mambas (Lair:1)
  A cane toad (Lair:1)
  A rime drake (Lair:1)
  A hornet (D:10)
  2 trolls
  Grinder (D:5)
  Sigmund (D:6)
  A shadow (D:11)
  2 wraiths
  19 yaks
  2 wyverns
  2 steam dragons
  Menkaure (D:7)
  An acid dragon (D:10)
  2 water moccasins
  Duvessa (D:6)
  2 orc warriors
  2 ice beasts
  A sky beast (D:6)
  3 centaurs
  An ogre (D:7)
  A wolf (Lair:1)
  2 kobold brigands
  4 bullfrogs
  3 gnoll sergeants (D:5)
  2 scorpions
  Dowan (D:6)
  15 wights
  An electric eel (D:6)
  A howler monkey (D:10)
  A crimson imp (D:7)
  4 jellies
  3 orc priests
  2 hounds
  3 gnoll boudas
  4 iguanas
  7 orc wizards
  3 adders
  20 gnolls
  5 shadow imps (D:8)
  4 white imps
  7 ufetubi
  2 worms (D:2)
  6 dart slugs
  22 orcs
  3 bats (D:1)
  8 endoplasms
  10 giant cockroaches
  4 goblins
  6 hobgoblins
  8 jackals
  18 kobolds
  5 quokkas
  5 ball pythons
  3 frilled lizards
  A rat (D:3)
247 creatures vanquished.

Vanquished Creatures (others)
  A demonic plant (D:8)
  11 plants
12 creatures vanquished.

Grand Total: 259 creatures vanquished

Notes
Turn   | Place    | Note
-------+----------+-------------------------------------------
     0 | D:1      | HoaS the Tengu Hunter began the quest for the Orb.
     0 | D:1      | Reached XP level 1. HP: 12/12 MP: 2/2
   108 | D:1      | Reached XP level 2. HP: 15/17 MP: 3/3
   277 | D:1      | Reached skill level 5 in Ranged Weapons
   846 | D:2      | Identified the +0 leather armour of the Barnacled Slorg
                  | {Will+}
   871 | D:2      | Reached XP level 3. HP: 21/21 MP: 4/4
  1484 | D:3      | Reached skill level 6 in Ranged Weapons
  1484 | D:3      | Reached XP level 4. HP: 20/26 MP: 5/5
  2230 | D:4      | Noticed a steam dragon
  2309 | D:4      | Noticed a scorpion
  2470 | D:5      | Entered Level 5 of the Dungeon
  2483 | D:5      | Noticed a gnoll sergeant
  2534 | D:5      | Gained mutation: Your magical nature lets you fly swiftly
                  | and evasively. [Tengu growth]
  2534 | D:5      | Reached XP level 5. HP: 30/30 MP: 6/6
  2576 | D:5      | Reached skill level 7 in Ranged Weapons
  2585 | D:5      | Found a staircase to the Ecumenical Temple.
  2621 | D:5      | Noticed an orc warrior
  2635 | Temple   | Entered the Ecumenical Temple
  2683 | Temple   | Became a worshipper of Gozag Ym Sagoz the Greedy
  2742 | D:5      | Reached XP level 6. HP: 35/35 MP: 7/7
  2747 | D:5      | Reached skill level 8 in Ranged Weapons
  2976 | D:4      | Reached skill level 9 in Ranged Weapons
  2976 | D:4      | Reached XP level 7. HP: 21/40 MP: 4/8
  4116 | D:5      | Reached skill level 10 in Ranged Weapons
  4362 | D:5      | Reached XP level 8. HP: 38/44 MP: 9/9
  4421 | D:5      | HP: 1/44 [gnoll sergeant/+2 spear of pain (2)]
  4783 | D:5      | Reached skill level 11 in Ranged Weapons
  4870 | D:5      | Noticed Grinder
  5062 | D:6      | Noticed Dowan
  5062 | D:6      | Noticed Duvessa
  5118 | D:6      | Killed Dowan
  5250 | D:6      | Found a burning altar of Makhleb.
  5514 | D:4      | Reached skill level 12 in Ranged Weapons
  5852 | D:5      | Killed Grinder
  5853 | D:5      | Reached XP level 9. HP: 48/48 MP: 10/10
  5863 | D:5      | Reached skill level 13 in Ranged Weapons
  6132 | D:6      | Noticed Sigmund
  6145 | D:6      | Killed Sigmund
  6648 | D:6      | Reached skill level 14 in Ranged Weapons
  6787 | D:6      | Killed Duvessa
  6886 | D:7      | Noticed Menkaure
  6892 | D:7      | Killed Menkaure
  7157 | D:7      | Noticed a deep elf pyromancer
  7167 | D:7      | Found a shadowy altar of Dithmenos.
  7446 | D:7      | Reached skill level 15 in Ranged Weapons
  7458 | D:7      | Reached XP level 10. HP: 45/53 MP: 4/11
  7572 | D:7      | Found an iron altar of Okawaru.
  7737 | D:7      | Killed a deep elf pyromancer
  7738 | D:7      | Reached skill level 16 in Ranged Weapons
  7912 | D:7      | Found a blossoming altar of Fedhas.
  7921 | D:7      | Found a sparkling altar of Nemelex Xobeh.
  7926 | D:7      | Found an ornate altar of the Wu Jian Council.
  7977 | D:7      | You are sucked into a shaft and drop 3 floors!
  7977 | D:10     | Entered Level 10 of the Dungeon
  7977 | D:10     | Found a stormy altar of Qazlal.
  8012 | D:10     | Found Virech's Antique Armour Shoppe.
  8095 | D:9      | Reached skill level 5 in Dodging
  8257 | D:9      | Found the +8 trident of the Octopus King {venom, rElec
                  | rPois}
  8279 | D:9      | Reached skill level 5 in Fighting
  8994 | D:8      | Found Juofiwub's Distillery.
  9061 | D:8      | Found a sacrificial altar of Ru.
  9075 | D:8      | Reached XP level 11. HP: 64/64 MP: 12/12
  9334 | D:8      | Noticed a red ugly thing
  9624 | D:9      | Identified the +6 halberd of Obsession {freeze, MP+9 SInv
                  | Stlth+}
 10021 | D:10     | Noticed a two-headed ogre
 10045 | D:10     | Killed a two-headed ogre
 10650 | D:8      | Killed a red ugly thing
 11196 | D:11     | Noticed Fannar
 11236 | D:11     | Found a radiant altar of Vehumet.
 11334 | D:11     | Found a staircase to the Lair.
 11361 | D:11     | Noticed a boulder beetle
 11379 | Lair:1   | Entered Level 1 of the Lair of Beasts
 11540 | Lair:1   | Noticed a four-headed hydra
 11570 | Lair:1   | Noticed a four-headed hydra
 11637 | D:11     | Killed a four-headed hydra
 11661 | Lair:1   | HP: 2/69 [four-headed hydra (5)]
 11663 | Lair:1   | Slain by a four-headed hydra

Illustrated notes

Levels and vault maps discovered:
D:1:      sevenhm_arrival_forest_fort_large_2, layout_loops_cross
D:2:      layout_loops_ring
D:3:      layout_basic
D:4:      layout_basic, serial_bayou, serial_bayou_pond_c,
          serial_bayou_crossing, serial_bayou_shore_b, serial_bayou_pond_c,
          hangedman_decor_push, kennysheep_doodads
D:5:      layout_rooms, temple_fountains, gup_sewer_entry_pipe, sword_in_stone,
          uniq_grinder
D:6:      layout_basic, amcnicky_altar_gilded, corexii_corridor_pit,
          kennysheep_opposing_triangles, uniq_sigmund, uniq_duvessa
D:7:      layout_basic, mainiacjoe_overflow_24_doors,
          mainiacjoe_overflow_catwalk, minmay_overflow_temple_star_quad,
          st_stairs_10, minmay_fire_ice_demons, uniq_menkaure
D:8:      layout_basic, mainiacjoe_overflow_paths, serial_shops, shop,
          serial_demonic, serial_demonic_f, serial_demonic_d, serial_demonic_e,
          serial_demonic_a, minivault_24
D:9:      layout_rooms, enter_bailey_2
D:10:     layout_long_grid, grunt_qazlal_clouds, serial_shops, shop
D:11:     layout_roguey, lair_entry_dummy, hiddenorc1_lemuel, vehumet_crystals,
          uniq_fannar
Temple:   nicolae_temple_ecumenical_triangle
Lair:1:   layout_cave_pods, nzn_random_ring

Skill      XL: |  1  2  3  4  5  6  7  8  9 10 11 |
---------------+----------------------------------+-----
Ranged Weapons | 5 6 7 9 10 12 15 16 | 16.0
Dodging        | 6 9 |  9.5
Fighting       | 5 8 |  8.7
Stealth        | |  1.0

Action                   |  1- 3 |  4- 6 |  7- 9 | 10-12 || total
-------------------------+-------+-------+-------+-------++-------
 Fire: Shortbow          |    90 |   103 |   413 |   431 ||  1037
Invok: Potion Petition   |       |       |     2 |     2 ||     4
       Call Merchant     |       |       |       |     1 ||     1
Evoke: Wand              |       |       |     1 |       ||     1
  Use: Scroll            |     7 |     3 |     7 |     8 ||    25
       Potion            |       |     1 |     3 |     3 ||     7
Armor: Leather armour    |    12 |       |    16 |    13 ||    41
Dodge: Dodged            |    30 |    22 |    89 |   147 ||   288

Table legend: (Time is in decaauts)
 A = Elapsed time spent in this place.
 B = Non-inter-level travel time spent in this place.
 C = Inter-level travel time spent in this place.
 D = Time resting spent in this place.
 E = Time spent auto-exploring this place.
 F = Levels seen in this place.
 G = Mean time per level.
                   A        B        C        D        E       F      G
               +--------+--------+--------+--------+--------+-----+--------+
         Total |  10939 |  10290 |    649 |   2111 |   6004 |  13 |  841.5 |
       Dungeon |  10651 |  10002 |    649 |   2084 |   5891 |  11 |  968.3 |
        Temple |     59 |     59 |      0 |      0 |     27 |   1 |   59.0 |
          Lair |    228 |    228 |      0 |     26 |     86 |   1 |  228.0 |
               +--------+--------+--------+--------+--------+-----+--------+

Top non-repeatable levels by time:
     D:4: 1596 daAuts
     D:5: 1346 daAuts
     D:7: 1257 daAuts
     D:6: 1246 daAuts
    D:10: 1033 daAuts
     D:3: 917 daAuts
     D:8: 833 daAuts
     D:1: 782 daAuts
     D:9: 708 daAuts
     D:2: 678 daAuts
    D:11: 251 daAuts
  Lair:1: 228 daAuts
  Temple: 59 daAuts
